[Event "Titled Tuesday Blitz March 15 Late 2022"]
[White "Sztokbant, Bernardo Vainzoff"]
[Black "Maltsevskaya, Aleksandra"]
[WhiteFideId "2115956"]
[BlackFideId "24174041"]
[WhiteElo "2237"]
[BlackElo "2241"]
[Result "1-0"]
[Round "11"]
[TimeControl "180+1"]
[Date "2022.03.15"]
[WhiteClock "0:00:07"]
[BlackClock "0:00:31"]

1. e4 c5 2. Nf3 e6 3. d4 cxd4 4. Nxd4 Nc6 5. Nc3 Nf6 6. Ndb5 Bc5 7. Nd6+ Ke7 8. Bf4 e5 9. Nf5+ Kf8 10. Bg5 h6 11. Be3 Bb4 12. Bd3 d5 13. exd5 Nxd5 14. O-O Be6 15. Bd2 Nf6 16. Ng3 Bc5 17. Nce4 Nxe4 18. Nxe4 Bb6 19. Be3 g6 20. Qd2 Kg7 21. Nc5 Bd5 22. Qc3 Qe7 23. Rad1 Rad8 24. b4 Rhe8 25. a4 Nd4 26. Bxd4 exd4 27. Qxd4+ Kg8 28. Qf4 Kh7 29. h3 Bc7 30. Qg4 Qe5 31. f4 Qf6 32. Qg3 a5 33. c3 Qxc3 34. Bxg6+ 1-0


[Site "https://www.chess.com"]

[Event "Titled Tuesday Blitz March 15 Late 2022"]
[White "Toncheva, Nadya"]
[Black "Petrova, Irina"]
[WhiteFideId "2924056"]
[BlackFideId "14124122"]
[WhiteElo "1884"]
[BlackElo "1993"]
[Result "1-0"]
[Round "11"]
[TimeControl "180+1"]
[Date "2022.03.16"]
[WhiteClock "0:01:59"]
[BlackClock "0:01:21"]

1. e4 d6 2. d4 Nf6 3. Nc3 e5 4. Nf3 Nbd7 5. Bc4 Be7 6. O-O O-O 7. h3 c6 8. a4 h6 9. Be3 Re8 10. Qd2 Bf8 11. Rfe1 exd4 12. Bxd4 Qc7 13. Rad1 Ne5 14. Bxe5 dxe5 15. Ne2 Be6 16. Bxe6 Rxe6 17. Ng3 Qb6 18. Nf5 g6 19. Nxh6+ Bxh6 20. Qxh6 Qxb2 21. Ng5 Ree8 22. Rd6 Qb4 23. Rxf6 Qxe1+ 24. Kh2 1-0


[Site "https://www.chess.com"]

[Event "Titled Tuesday Blitz March 15 Late 2022"]
[White "Vifleemskaia, Svetlana"]
[Black "Ashiev, Eduard"]
[WhiteFideId "4129490"]
[BlackFideId "4130090"]
[WhiteElo "1901"]
[BlackElo "2004"]
[Result "1-0"]
[Round "11"]
[TimeControl "180+1"]
[Date "2022.03.16"]
[WhiteClock "0:01:00"]
[BlackClock "0:00:35"]

1. d4 d5 2. c4 c6 3. cxd5 cxd5 4. Bf4 Nc6 5. e3 Nf6 6. Nc3 a6 7. Bd3 g6 8. Nf3 Bg7 9. O-O O-O 10. h3 e6 11. Rc1 Nd7 12. a3 Re8 13. b4 e5 14. dxe5 Ndxe5 15. Be2 Nc4 16. Nxd5 N4e5 17. Nxe5 Nxe5 18. Nc7 Qxd1 19. Rfxd1 Bf5 20. Nxa8 Rxa8 21. Rc7 b5 22. a4 bxa4 23. Bxa6 h6 24. b5 Rb8 25. Kf1 Bc2 26. Rxc2 1-0


[Site "https://www.chess.com"]

[Event "Titled Tuesday Blitz March 15 Late 2022"]
[White "Vovk, Orest"]
[Black "Goryachkina, Aleksandra"]
[WhiteFideId "14113490"]
[BlackFideId "4147103"]
[WhiteElo "2203"]
[BlackElo "2426"]
[Result "1/2-1/2"]
[Round "11"]
[TimeControl "180+1"]
[Date "2022.03.15"]
[WhiteClock "0:00:04"]
[BlackClock "0:00:03"]

1. h4 e5 2. h5 h6 3. d4 e4 4. d5 Nf6 5. Nc3 Bb4 6. Qd4 Bxc3+ 7. Qxc3 O-O 8. d6 cxd6 9. Bf4 d5 10. O-O-O Nc6 11. e3 d6 12. Ne2 Be6 13. Qa3 Ne5 14. Nd4 a6 15. Be2 Rc8 16. Kb1 Qb6 17. Qb3 Qc7 18. Rhg1 Bg4 19. Bxg4 Nexg4 20. f3 Ne5 21. fxe4 dxe4 22. Bxe5 dxe5 23. Nf5 Rfd8 24. Rxd8+ Rxd8 25. a3 Ng4 26. Qb4 Nf6 27. g4 Qd7 28. Ne7+ Kh8 29. g5 hxg5 30. Rxg5 Nd5 31. Nxd5 Qxd5 32. Qe7 Rc8 33. Qxe5 Qd1+ 34. Ka2 f6 35. Qe6 Qxc2 36. h6 Qc4+ 37. Qxc4 Rxc4 38. hxg7+ Kg8 39. Rg4 f5 40. Rg5 Rc5 41. Kb3 a5 42. a4 b6 43. Ka2 b5 44. axb5 Rxb5 45. Ka3 Rd5 46. b3 Rc5 47. Ka4 Rd5 48. Ka3 Rc5 49. Ka4 Rd5 50. Ka3 1/2-1/2


[Site "https://www.chess.com"]

[Event "Titled Tuesday Blitz March 15 Late 2022"]
[White "Weber, Samuel"]
[Black "Thavandiran, Shiyam"]
[WhiteFideId "12924008"]
[BlackFideId "2605058"]
[WhiteElo "2215"]
[BlackElo "2357"]
[Result "1-0"]
[Round "11"]
[TimeControl "180+1"]
[Date "2022.03.15"]
[WhiteClock "0:00:37"]
[BlackClock "0:00:03"]

1. e4 c6 2. d4 d5 3. e5 Bf5 4. h4 Qc8 5. Bd3 Bxd3 6. Qxd3 e6 7. Nf3 c5 8. c3 Nc6 9. Be3 cxd4 10. Bxd4 Nh6 11. Nbd2 Be7 12. Nb3 Nf5 13. g4 Nfxd4 14. Nbxd4 Qd7 15. Kf1 f6 16. Re1 O-O 17. Kg2 Nxe5 18. Nxe5 fxe5 19. Rxe5 Bf6 20. Re3 e5 21. Nf5 e4 22. Qd1 Be5 23. Qxd5+ Qxd5 24. Ne7+ Kh8 25. Nxd5 Rae8 26. Rxe4 Bd6 27. Rxe8 Rxe8 28. Rd1 Kg8 29. Ne3 Bc5 30. Rd3 g6 31. b4 Bb6 32. a4 a5 33. Nd5 Bd8 34. bxa5 Re4 35. Rd4 Rxd4 36. cxd4 Bxh4 37. f4 Bd8 38. Nb6 h5 39. gxh5 gxh5 40. Nc4 Kg7 41. Kh3 Kg6 42. Nd6 1-0


[Site "https://www.chess.com"]

[Event "Titled Tuesday Blitz March 15 Late 2022"]
[White "Winkels, Marcel"]
[Black "Magallanes, Rey Jomar"]
[WhiteFideId "1003887"]
[BlackFideId "5205948"]
[WhiteElo "1900"]
[BlackElo "2205"]
[Result "1-0"]
[Round "11"]
[TimeControl "180+1"]
[Date "2022.03.16"]
[WhiteClock "0:02:23"]
[BlackClock "0:02:27"]

1. b3 e6 2. Bb2 Nf6 3. Nf3 d5 4. g4 Nxg4 5. Rg1 Nf6 6. e3 Nc6 7. d3 b6 8. Nbd2 Bb7 9. Be2 Qd7 10. Ne5 Nxe5 11. Bxe5 O-O-O 12. a4 a5 13. b4 Bxb4 14. Rxg7 Nh5 15. Bxh5 Bf8 16. Rxf7 1-0


[Site "https://www.chess.com"]

[Event "Titled Tuesday Blitz March 15 Late 2022"]
[White "Yang, Kaiqi"]
[Black "Aydin, Gulenay"]
[WhiteFideId "8604398"]
[BlackFideId "34557431"]
[WhiteElo "2373"]
[BlackElo "1429"]
[Result "1-0"]
[Round "11"]
[TimeControl "180+1"]
[Date "2022.03.16"]
[WhiteClock "0:00:12"]
[BlackClock "0:00:01"]

1. e4 c5 2. Nc3 d6 3. d4 cxd4 4. Qxd4 Nc6 5. Qd2 g6 6. b3 Bg7 7. Bb2 Nf6 8. O-O-O O-O 9. f3 Bd7 10. h4 Qa5 11. h5 Nxh5 12. g4 Nf6 13. Kb1 Ne5 14. Nd5 Qxd2 15. Nxe7+ Kh8 16. Rxd2 Rfe8 17. Nd5 Nxd5 18. Rxd5 Bc6 19. Rxd6 Nxg4 20. Bxg7+ Kxg7 21. fxg4 Rxe4 22. Rd1 Rae8 23. Rh2 Rxg4 24. Bc4 b5 25. Bd3 h5 26. Ne2 h4 27. Kb2 h3 28. Rxh3 Rg2 29. Nd4 Bd7 30. Rf3 b4 31. Rdf1 Re7 32. R1f2 Rg4 33. Rf4 Rg5 34. Bc4 f5 35. a3 bxa3+ 36. Kxa3 Rg3 37. Kb2 Rge3 38. R4f3 Kf6 39. Rxe3 Rxe3 40. Bb5 Bc8 41. Nc6 a6 42. Bd3 g5 43. Nd4 f4 44. Kc1 g4 45. Rxf4+ Ke5 46. Rf8 Bd7 47. Ne2 g3 48. Kd2 Rxd3+ 49. cxd3 Bg4 50. Rg8 Kf5 51. Ke3 g2 52. Kf2 g1=Q+ 53. Kxg1 Bxe2 54. d4 Ke4 55. Rd8 Bb5 56. Kf2 Bd3 57. Ke1 Bc2 58. Kd2 Bxb3 59. Kc3 Bd5 60. Rb8 Bc6 61. Rb6 Bb5 62. Rd6 Be2 63. Kb4 Bb5 64. Kc5 Kf5 65. Rd8 Ke6 66. d5+ Ke7 67. Ra8 Kd7 68. Ra7+ Kc8 69. Kd6 Bc4 70. Rh7 Bb5 71. Kc5 Kd8 72. Kd6 Kc8 73. Ke7 Kc7 74. d6+ 1-0


[Site "https://www.chess.com"]

[Event "Titled Tuesday Blitz March 15 Late 2022"]
[White "Yoo, Christopher Woojin"]
[Black "Riehle, Marco"]
[WhiteFideId "30909694"]
[BlackFideId "12904392"]
[WhiteElo "2105"]
[BlackElo "2462"]
[Result "1-0"]
[Round "11"]
[TimeControl "180+1"]
[Date "2022.03.15"]
[WhiteClock "0:02:29"]
[BlackClock "0:02:18"]

1. e4 e5 2. Nf3 Nf6 3. d4 Nxe4 4. Bd3 Nc6 5. d5 Nf6 6. dxc6 e4 7. Bxe4 Nxe4 8. Qe2 d5 9. cxb7 Bxb7 10. Qb5+ c6 11. Qxb7 Bc5 1-0


[Site "https://www.chess.com"]

[Event "Titled Tuesday Blitz March 15 Late 2022"]
[White "Zaksaite, Salomeja"]
[Black "Van den Dikkenberg, Erik"]
[WhiteFideId "12801496"]
[BlackFideId "1005880"]
[WhiteElo "1953"]
[BlackElo "2118"]
[Result "0-1"]
[Round "11"]
[TimeControl "180+1"]
[Date "2022.03.16"]
[WhiteClock "0:00:02"]
[BlackClock "0:01:01"]

1. e4 c5 2. Nf3 d6 3. d4 cxd4 4. Nxd4 Nf6 5. Nc3 a6 6. Bc4 e6 7. Bb3 Be7 8. O-O O-O 9. f4 b5 10. f5 e5 11. Nde2 Nbd7 12. h3 Bb7 13. Bd5 Bxd5 14. Nxd5 Nxd5 15. exd5 Bg5 16. Nc3 Bxc1 17. Rxc1 Nf6 18. Qd3 Rc8 19. Ne4 Nxe4 20. Qxe4 f6 21. c3 Rc4 22. Qd3 e4 23. Qe3 Re8 24. Rfd1 Qe7 25. Rd4 Qe5 26. Rxc4 bxc4 27. Qd4 Qxf5 28. Qxc4 e3 29. Rf1 Qe5 30. Re1 f5 31. Re2 f4 32. Qxa6 Qxd5 0-1


[Site "https://www.chess.com"]

[Event "Titled Tuesday Blitz March 15 Late 2022"]
[White "Zhurbinsky, David"]
[Black "Odegov, Artem"]
[WhiteFideId "2072904"]
[BlackFideId "34183644"]
[WhiteElo "2576"]
[BlackElo "2286"]
[Result "0-1"]
[Round "11"]
[TimeControl "180+1"]
[Date "2022.03.16"]
[WhiteClock "0:00:03"]
[BlackClock "0:00:56"]

1. e4 e6 2. d4 d5 3. Nc3 Bb4 4. e5 c5 5. a3 Bxc3+ 6. bxc3 Ne7 7. f4 cxd4 8. cxd4 Qc7 9. Bd2 Nbc6 10. Nf3 Bd7 11. Bd3 O-O-O 12. Rb1 f6 13. O-O fxe5 14. fxe5 h6 15. Qe2 g5 16. h3 Rdf8 17. c3 Nf5 18. Kh2 Rf7 19. Rb5 Rhf8 20. Rfb1 b6 21. R5b2 Na5 22. Ba6+ Kd8 23. Bb5 Nc4 24. Bxc4 dxc4 25. Be1 Bc6 26. Kg1 Bxf3 27. Qxf3 Ne7 28. Qe4 Nd5 29. a4 Rf4 30. Qg6 Qf7 31. Qxh6 Rf1+ 32. Kh2 Qf5 33. a5 Ne3 34. Bg3 Rxb1 35. Rxb1 Qxb1 36. Qxf8+ Kc7 37. Qe7+ Kb8 38. Qe8+ Kb7 39. a6+ Kxa6 40. Qa4+ Kb7 41. Qd7+ Kb8 42. Qd8+ Kb7 43. Qd7+ Ka6 44. Qa4+ Kb7 45. h4 Nf1+ 46. Kg1 Nxg3+ 47. Kh2 Nf1+ 48. Kg1 Ne3+ 49. Kh2 Qh7 50. Qxa7+ Kxa7 51. Kg1 Qxh4 52. g4 Qg3+ 0-1